 Dungeon Crawl Stone Soup version 0.20-a0-1026-gc3ddcbd (webtiles) character file.

7373 Gorglomux the Covert (level 10, -3/63 HPs)
             Began as a Vampire Enchanter on Apr 20, 2017.
             Was a Priest of Kikubaaqudgha.
             Slain by a killer bee (7 damage)
             ... on level 6 of the Dungeon.
             The game lasted 00:32:17 (11754 turns).

Gorglomux the Covert (Vampire Enchanter)           Turns: 11754, Time: 00:32:18

Health: -3/63      AC: 10    Str:  7    XL:     10   Next: 91%
Magic:  2/16       EV: 12    Int: 22    God:    Kikubaaqudgha [***...]
Gold:   390        SH:  0    Dex: 18    Spells: 9/17 levels left

rFire    . . .     SeeInvis +   a - +3 short sword of the Fox {drain, rElec rF- Dex+4}
rCold    + + .     Gourm    .   (no shield)
rNeg     + + +     Faith    +   m - +5 leather armour of the First Songs {*Contam rN+ Stlth+}
rPois    ∞         Spirit   .   v - +0 helmet
rElec    +         Reflect  .   w - +0 cloak
rCorr    .         Harm     .   (no gloves)
MR       +....                  (no boots)
Stlth    +++++++++.             l - amulet of faith {Faith, !P}
Regen    0.0/turn               y - ring of stealth {Stlth+}
MPRegen  0.2/turn               g - ring of protection from fire {rF+, !d}

@: about to teleport, bloodless, non-regenerating
A: fangs 3, see invisible, unbreathing
a: Bat Form, Receive Corpses, Renounce Religion


You were on level 6 of the Dungeon.
You worshipped Kikubaaqudgha.
Kikubaaqudgha was most pleased with you.
You were bloodless.

You visited 2 branches of the dungeon, and saw 9 of its levels.

You collected 517 gold pieces.
You spent 127 gold pieces at shops.

Inventory:

Hand Weapons
 a - the +3 short sword of the Fox (weapon) {drain, rElec rF- Dex+4}
   (You found it on level 8 of the Dungeon)

   A truly terrible weapon, it drains the life of those it strikes.
   It affects your dexterity (+4).
   It makes you vulnerable to fire.
   It insulates you from electricity.
 b - the +3 arbalest of Poverty {penet, rF++ Dex-5}
   (You took it off a death knight on level 8 of the Dungeon)

   Ammo fired by it will pass through the targets it hits, potentially hitting
   all targets in its path until it reaches maximum range.
   It affects your dexterity (-5).
   It greatly protects you from fire.
Missiles
 d - 21 bolts
 z - a throwing net {=f, !d}
Armour
 m - the +5 leather armour of the First Songs (worn) {*Contam rN+ Stlth+}
   (You found it on level 5 of the Dungeon)

   It protects you from negative energy.
   It causes magical contamination when unequipped.
   It makes you more stealthy.
 v - a +0 helmet (worn)
   (You found it on level 3 of the Dungeon)
 w - a +0 cloak (worn)
   (You found it on level 3 of the Dungeon)
 E - a +0 robe
Jewellery
 g - a ring of protection from fire (right hand) {rF+, !d}
   (You found it on level 1 of the Dungeon)
 h - an uncursed ring of flight {+Fly, !d}
   (You found it on level 2 of the Dungeon)
 l - an amulet of faith (around neck) {Faith, !P}
   (You found it on level 5 of the Dungeon)
 x - an uncursed ring of ice {rC+, rF-}
   (You found it on level 3 of the Dungeon)
 y - a ring of stealth (left hand) {Stlth+}
   (You found it on level 4 of the Dungeon)
 J - an uncursed ring of poison resistance {unknown}
   (You took it off an orc warrior on level 8 of the Dungeon)
Wands
 j - a wand of digging (15/24)
   (You found it on level 3 of the Dungeon)
 t - a wand of random effects (3/48)
   (You found it on level 3 of the Dungeon)
 A - a wand of flame (17/48)
   (You took it off Duvessa on level 4 of the Dungeon)
Scrolls
 e - 4 scrolls of fog
 f - 4 scrolls of remove curse
 k - 2 scrolls of immolation {unknown}
 o - a scroll of blinking {unknown}
 r - a scroll of amnesia {unknown}
 C - 2 scrolls of magic mapping {unknown}
 H - a scroll of recharging {unknown}
Potions
 i - a potion of ambrosia {unknown}
 p - a potion of heal wounds
 q - 13 potions of blood {@q1}
 B - 2 potions of cancellation
 D - a potion of lignification {!q}
 G - a potion of flight {unknown}
 I - a potion of mutation {unknown}
Books
 c - a book of Maledictions
 s - a book of Minor Magic
   (You found it on level 3 of the Dungeon)
 u - Kikubaaqudgha's Almanac of Dark Arts
   (Kikubaaqudgha gifted it to you on level 8 of the Dungeon)

   Spells                             Type                      Level
   a - Excruciating Wounds            Charms/Necromancy            5
   b - Agony                          Necromancy                   5
   c - Cigotuvi's Embrace             Necromancy                   5
   d - Dispel Undead                  Necromancy                   5
   e - Simulacrum                     Ice/Necromancy               6
 F - Kikubaaqudgha's Incunabulum of Unholy Magic
   (Kikubaaqudgha gifted it to you on level 6 of the Dungeon)

   Spells                             Type                      Level
   a - Pain                           Necromancy                   1
   b - Corpse Rot                     Necromancy                   2
   c - Sublimation of Blood           Necromancy                   2
   d - Vampiric Draining              Necromancy                   3
   e - Control Undead                 Necromancy                   4
 K - a book of Callings
   (You found it on level 8 of the Dungeon)


   Skills:
 * Level 10.7 Short Blades
 - Level 2.1 Dodging
 * Level 14.9 Stealth
 + Level 4.4 Spellcasting
 + Level 10.4 Hexes
 * Level 5.4 Necromancy


You had 9 spell levels left.
You knew the following spells:

 Your Spells              Type           Power        Failure   Level  Hunger
a - Ensorcelled Hibernat  Hex/Ice        ####..       2%          2    #......
b - Corpse Rot            Necr           N/A          2%          2    #......
c - Confuse               Hex            ######..     1%          3    ##.....
v - Corona                Hex            ######.      1%          1    None


Dungeon Overview and Level Annotations

Branches:
Dungeon (8/15)             Temple (1/1) D:5
   Lair: D:8-11

Altars:
Ashenzari
Cheibriados
Dithmenos
Fedhas
Gozag
Hepliaklqana
Kikubaaqudgha
Makhleb
Nemelex Xobeh
Okawaru
Qazlal
Ru
Sif Muna
Trog
Uskayaw
Vehumet
Wu Jian
Xom
Yredelemnul
Zin
The Shining One

Shops:
D:4 *   D:7 (

Annotations:
D:8 Gastronok


Innate Abilities, Weirdness & Mutations

You do not heal naturally.
You are immune to poison.
You have razor-sharp teeth.
You have supernaturally acute eyesight. (SInv)
You can survive without breathing.


Message History

The killer bee buzzes angrily.
The kobold misses you. The kobold barely misses you.
You now have 10/16 mp.
Aim: a killer bee (chance to defeat MR: 65%)
The killer bee looks drowsy...
The killer bee buzzes angrily.
The kobold hits you but does no damage. x2; The kobold throws a stone.
The stone hits you.
You take 2 damage, and have 45/63 hp.
You now have 8/16 mp.
The helpless killer bee fails to defend itself.
You perforate the killer bee like a sieve!!!!
You kill the killer bee!
Kikubaaqudgha accepts your kill. The kobold barely misses you.
The kobold misses you. The kobold hits you with a dagger.
You take 1 damage, and have 44/63 hp.
Aim: a killer bee (chance to defeat MR: 65%)
The killer bee resists with significant effort.
The killer bee buzzes angrily.
The killer bee completely misses you. The killer bee barely misses you.
The killer bee closely misses you. The kobold barely misses you.
The kobold hits you but does no damage. The kobold completely misses you.
The killer bee closely misses you.
A killer bee comes into view.
You now have 6/16 mp.
Aim: a killer bee (chance to defeat MR: 65%)
The killer bee looks drowsy...
The black bear growls angrily.
The killer bee buzzes angrily.
The killer bee closely misses you. The kobold barely misses you.
The killer bee stings you. The kobold barely misses you.
The kobold hits you with a dagger. The kobold barely misses you.
You take 4 damage, and have 40/63 hp.
You now have 4/16 mp.
The helpless killer bee fails to defend itself.
You perforate the killer bee like a sieve!!!!
You kill the killer bee!
Kikubaaqudgha accepts your kill. The killer bee closely misses you.
The kobold misses you.
Aim: a killer bee (chance to defeat MR: 65%)
The killer bee resists with significant effort.
The killer bee closely misses you. The kobold barely misses you. x2
The killer bee barely misses you. The kobold closely misses you.
The kobold misses you. The killer bee closely misses you.
You now have 3/16 mp.
Aim: a killer bee (chance to defeat MR: 65%)
The killer bee resists with significant effort.
The killer bee stings you.
The killer bee stings you but does no damage.
The killer bee closely misses you. The kobold completely misses you.
The kobold barely misses you. x2; The killer bee barely misses you.
The kobold closely misses you.
You take 4 damage, and have 36/63 hp.
You now have 1/16 mp.
You don't have enough magic to cast that spell.
The killer bee misses you. The kobold closely misses you.
The killer bee stings you but does no damage.
You see here a stone.
The killer bee barely misses you. x3; The killer bee closely misses you.
The killer bee barely misses you. The killer bee completely misses you.
The killer bee misses you. The killer bee stings you.
The killer bee barely misses you.
You see here a poisoned needle.
You take 1 damage, and have 35/63 hp.
The killer bee stings you.
The killer bee stings you but does no damage.
The killer bee stings you.
You take 11 damage, and have 24/63 hp.
The killer bee stings you. The killer bee barely misses you.
There is a stone staircase leading up here.
You take 2 damage, and have 22/63 hp.
The killer bee barely misses you. x2; The killer bee closely misses you.
The killer bee barely misses you. The killer bee closely misses you.
The killer bee misses you. The killer bee stings you.
* * * LOW HITPOINT WARNING * * *
You climb upwards.
There is a stone staircase leading down here.
You take 6 damage, and have 16/63 hp.
Unknown command.
Okay, then.
As you read the scroll of teleportation, it crumbles to dust.
You feel strangely unstable. The killer bee barely misses you.
The killer bee stings you.
* * * LOW HITPOINT WARNING * * *
The killer bee closely misses you. x2; The killer bee misses you. x2
The killer bee stings you but does no damage.
The killer bee stings you.
* * * LOW HITPOINT WARNING * * *
You take 3 damage, and have 13/63 hp.
Unknown command.
The killer bee barely misses you. x2; The killer bee stings you.
* * * LOW HITPOINT WARNING * * *
The killer bee misses you. The killer bee stings you.
* * * LOW HITPOINT WARNING * * *
The killer bee stings you.
* * * LOW HITPOINT WARNING * * *
The killer bee closely misses you.
You take 9 damage, and have 4/63 hp.
Unknown command.
The killer bee stings you but does no damage.
The killer bee misses you. The killer bee stings you!
You die...
Kikubaaqudgha rasps: "You have failed me!
Welcome... oblivion!"

# #.....# ##.......# # ##...##
##....### # #.### ### #.#### #
#.# ##.## #.# #.## ##...###.#
#..# ##.....##.# #..#
##>......#)# ##.# #yyy.....#.#
########.# ##y@........#
......##.## #...........#
.>........# #...........###
..........## ##............####
...........#####.........#....###
.................................
_...........#####......#####.....
...[........## ##....## ##......
.)<..........# ##..#### ##.^.....


You could see 4 killer bees.

Vanquished Creatures
  A death knight (D:8)
  Erica (D:8)
  2 two-headed ogres (D:8)
  A manticore (D:8)
  A hippogriff (D:7)
  A wraith (D:8)
  The ghost of George the Charmwright, an amateur GnSk (D:3)
  Edmund (D:4)
  Duvessa (D:4)
  3 orc warriors
  An ice beast (D:8)
  3 sky beasts
  3 necrophages
  3 ogres
  A phantom (D:5)
  A centaur (D:7)
  2 big kobolds
  5 bullfrogs
  Dowan (D:4)
  A water moccasin skeleton (D:5)
  8 killer bees
  2 scorpions (D:7)
  3 wights (D:7)
  A bullfrog zombie (D:8)
  2 centaur zombies (D:5)
  A hound (D:8)
  A quasit (D:8)
  A bullfrog skeleton (D:6)
  2 orc priests
  3 jellies
  9 orc wizards
  3 iguanas
  7 worker ants
  3 worker ant zombies
  10 gnolls
  8 adders
  An ooze (D:4)
  2 adder skeletons
  5 worms
  2 dart slugs
  4 leopard geckos
  18 orcs
  4 giant cockroaches
  11 goblins
  3 hobgoblins
  9 jackals
  3 quokkas
  A ball python (D:2)
  11 bats
  10 frilled lizards
  18 kobolds
  A leopard gecko skeleton (D:5)
  2 quokka skeletons
  14 rats
217 creatures vanquished.

Vanquished Creatures (others)
  A komodo dragon (D:8)
1 creature vanquished.

Grand Total: 218 creatures vanquished

Notes
Turn   | Place    | Note
-------+----------+-------------------------------------------
     0 | D:1      | Gorglomux the Vampire Enchanter began the quest for the Orb.
     0 | D:1      | Reached XP level 1. HP: 13/13 MP: 3/3
    70 | D:1      | HP: 1/13 [goblin/club (4)]
   221 | D:1      | Reached XP level 2. HP: 11/19 MP: 3/5
   351 | D:1      | Learned a level 2 spell: Ensorcelled Hibernation
   406 | D:1      | Reached skill level 5 in Stealth
   609 | D:1      | Reached skill level 2 in Short Blades
   925 | D:1      | Reached XP level 3. HP: 21/24 MP: 6/6
   933 | D:1      | Learned a level 3 spell: Confuse
  1110 | D:2      | HP: 3/24 [adder (4)]
  2198 | D:2      | Reached skill level 6 in Stealth
  2322 | D:2      | Found a deep blue altar of Sif Muna.
  2360 | D:2      | Found a stormy altar of Qazlal.
  2623 | D:2      | Reached XP level 4. HP: 29/30 MP: 5/7
  2875 | D:3      | Reached skill level 5 in Hexes
  2886 | D:3      | Reached skill level 3 in Short Blades
  2973 | D:3      | You fall through a shaft for 3 floors!
  3312 | D:6      | Noticed a bullfrog
  3319 | D:6      | Killed a bullfrog
  3319 | D:6      | Reached XP level 5. HP: 35/35 MP: 8/8
  3334 | D:5      | Entered Level 5 of the Dungeon
  3342 | D:5      | Reached skill level 7 in Stealth
  3364 | D:5      | Got a scorched leather armour
  3375 | D:5      | Identified the +5 leather armour of the First Songs {*Contam rN+ Stlth+} (You found it on level 5 of the Dungeon)
  3379 | D:5      | Found a snail-covered altar of Cheibriados.
  3393 | D:5      | Noticed a necrophage
  3395 | D:5      | Killed a necrophage
  3395 | D:5      | Reached skill level 4 in Short Blades
  3395 | D:5      | Reached XP level 6. HP: 41/41 MP: 9/9
  3413 | D:4      | Found Riesekurr's General Store.
  3423 | D:4      | Bought 21 stones for 29 gold pieces
  3423 | D:4      | Bought a scroll of identify for 28 gold pieces
  3423 | D:4      | Bought a potion of heal wounds for 70 gold pieces
  3835 | D:3      | Found a blossoming altar of Fedhas.
  3919 | D:3      | Noticed George's ghost (amateur GnSk)
  3994 | D:3      | Killed George's ghost
  3994 | D:3      | Reached skill level 8 in Stealth
  3994 | D:3      | Reached skill level 6 in Hexes
  4549 | D:4      | Noticed Duvessa
  4549 | D:4      | Noticed Dowan
  4566 | D:4      | Killed Duvessa
  4566 | D:4      | Reached skill level 5 in Short Blades
  4566 | D:4      | Reached XP level 7. HP: 46/46 MP: 3/10
  4924 | D:4      | Noticed Edmund
  5155 | D:4      | Killed Edmund
  5155 | D:4      | Reached skill level 9 in Stealth
  5273 | D:4      | Killed Dowan
  5451 | D:4      | Reached skill level 7 in Hexes
  5541 | D:5      | Reached skill level 6 in Short Blades
  5797 | D:5      | Reached skill level 10 in Stealth
  5803 | D:5      | Reached XP level 8. HP: 52/52 MP: 0/11
  5968 | D:5      | Found a staircase to the Ecumenical Temple.
  5977 | Temple   | Entered the Ecumenical Temple
  6221 | Temple   | Gorglomux: !rng kiku ash hep kiku ash nem
  6221 | Temple   | beem: The RNG chooses: ash.
  6250 | Temple   | Became a worshipper of Kikubaaqudgha
  6840 | D:6      | Reached skill level 7 in Short Blades
  6840 | D:6      | Reached skill level 11 in Stealth
  6866 | D:6      | Found a shadowy altar of Dithmenos.
  6935 | D:6      | Reached skill level 8 in Hexes
  6975 | D:6      | Found an opulent altar of Gozag.
  7021 | D:6      | Reached * piety under Kikubaaqudgha
  7021 | D:6      | Identified Kikubaaqudgha's Incunabulum of Unholy Magic (Kikubaaqudgha gifted it to you on level 6 of the Dungeon)
  7021 | D:6      | Received a gift from Kikubaaqudgha
  7295 | D:6      | Reached skill level 8 in Short Blades
  7480 | D:6      | Found a sacrificial altar of Ru.
  7596 | D:6      | Found an ornate altar of the Wu Jian Council.
  7596 | D:6      | Found a burning altar of Makhleb.
  7924 | D:7      | Reached skill level 12 in Stealth
  7924 | D:7      | Reached XP level 9. HP: 57/57 MP: 4/12
  8044 | D:7      | Reached skill level 1 in Necromancy
  8243 | D:7      | Reached skill level 2 in Necromancy
  8397 | D:7      | Reached skill level 9 in Hexes
  8519 | D:7      | Reached ** piety under Kikubaaqudgha
  8614 | D:7      | Found Mageumm's Antique Weapon Shoppe.
  8810 | D:8      | Noticed a komodo dragon
  8811 | D:8      | Noticed a two-headed ogre
  8812 | D:8      | Noticed a death knight
  8823 | D:8      | Noticed Erica
  8960 | D:8      | Noticed a two-headed ogre
  8964 | D:8      | HP: 1/57 [two-headed ogre/giant spiked club (18)]
  9948 | D:8      | Noticed a two-headed ogre
  9962 | D:8      | Killed a two-headed ogre
  9962 | D:8      | Reached skill level 9 in Short Blades
  9962 | D:8      | Reached skill level 13 in Stealth
  9962 | D:8      | Reached skill level 3 in Spellcasting
  9984 | D:8      | Reached skill level 3 in Necromancy
  9987 | D:8      | Got a bloodstained short sword
  9989 | D:8      | Identified the +3 short sword of the Fox {drain, rElec rF- Dex+4} (You found it on level 8 of the Dungeon)
 10008 | D:8      | Noticed a manticore
 10020 | D:8      | Noticed Gastronok
 10236 | D:7      | HP: 9/57 [killer bee (6)]
 10657 | D:8      | Reached XP level 10. HP: 58/63 MP: 7/15
 10666 | D:8      | Learned a level 2 spell: Corpse Rot
 10982 | D:8      | Killed Erica
 10982 | D:8      | Reached skill level 10 in Short Blades
 10982 | D:8      | Reached skill level 14 in Stealth
 10982 | D:8      | Reached skill level 4 in Necromancy
 11153 | D:8      | Reached *** piety under Kikubaaqudgha
 11153 | D:8      | Identified Kikubaaqudgha's Almanac of Dark Arts (Kikubaaqudgha gifted it to you on level 8 of the Dungeon)
 11153 | D:8      | Received a gift from Kikubaaqudgha
 11282 | D:8      | Found a hide-covered altar of Uskayaw.
 11302 | D:8      | Killed a two-headed ogre
 11302 | D:8      | Reached skill level 4 in Spellcasting
 11302 | D:8      | Reached skill level 10 in Hexes
 11451 | D:8      | Killed a manticore
 11451 | D:8      | Reached skill level 5 in Necromancy
 11562 | D:8      | HP: 7/63 [death knight/enchanted great sword (27)]
 11564 | D:8      | Killed a death knight
 11569 | D:8      | Got a scorched arbalest
 11571 | D:8      | Identified the +3 arbalest of Poverty {penet, rF++ Dex-5} (You took it off a death knight on level 8 of the Dungeon)
 11752 | D:6      | HP: 15/63 [killer bee (1)]
 11753 | D:6      | HP: 6/63 [killer bee (2)]
 11754 | D:6      | Slain by a killer bee

Vault maps used:
D:1:      eino_arrival_water_cross
D:2:      nicolae_qazlal_eye_of_the_storm, nicolae_overflow_hidden_temple,
          minmay_randomly_rotated_circles
D:3:      fedhas_altar_fruit_tree
D:4:      serial_shops, shop, uniq_duvessa, uniq_edmund
D:5:      slow_altar_2, minmay_temple_entry_poolview, first_bread
D:6:      nicolae_gozag_seed_capital, grunt_dithmenos_smoke,
          gammafunk_temple_overflow_statue, nicolae_ru_the_path_less_chosen
D:7:      serial_shops, nicolae_shop_behind_doors
D:8:      minmay_cut_squares, eat_drink_and_be_merry_uskayaw, feat_on_display,
          uniq_erica, uniq_gastronok
Temple:   hc_temple_tempest_star

Skill      XL: |  1  2  3  4  5  6  7  8  9 10 |
---------------+-------------------------------+-----
Stealth        | 5 6 7 8 10 12 13 14 | 14.9
Short Blades   | 2 3 4 5 6 8 9 10 | 10.7
Hexes          | 5 6 7 8 9 10 | 10.4
Necromancy     | 3 5 |  5.4
Spellcasting   | 3 4 |  4.4
Dodging        | |  2.1

Action                   |  1- 3 |  4- 6 |  7- 9 | 10-12 || total
-------------------------+-------+-------+-------+-------++-------
Melee: Dagger            |   160 |    26 |       |       ||   186
       Bite              |    17 |     2 |    19 |     8 ||    46
       Short sword       |       |    38 |   288 |   117 ||   443
       Unarmed           |       |       |     3 |       ||     3
 Cast: Corona            |     1 |       |       |       ||     1
       Ensorcelled Hiber |    14 |    22 |    70 |    27 ||   133
       Confuse           |       |     3 |    32 |    24 ||    59
 Abil: End Transformatio |     1 |       |     7 |       ||     8
       Bat Form          |     1 |       |     7 |       ||     8
Evoke: Wand              |       |       |     9 |     1 ||    10
  Use: Potion            |     2 |     1 |     6 |     1 ||    10
       Scroll            |       |       |     5 |     2 ||     7
 Stab: Sleeping          |    24 |    21 |    70 |    14 ||   129
       Confused          |       |     7 |    20 |    13 ||    40
Armor: Robe              |    29 |     3 |       |       ||    32
       Leather armour    |       |     8 |    77 |    39 ||   124
Dodge: Dodged            |    86 |    30 |   162 |   112 ||   390

Vault maps used:
D:1:      eino_arrival_water_cross
D:2:      nicolae_qazlal_eye_of_the_storm, nicolae_overflow_hidden_temple,
          minmay_randomly_rotated_circles
D:3:      fedhas_altar_fruit_tree
D:4:      serial_shops, shop, uniq_duvessa, uniq_edmund
D:5:      slow_altar_2, minmay_temple_entry_poolview, first_bread
D:6:      nicolae_gozag_seed_capital, grunt_dithmenos_smoke,
          gammafunk_temple_overflow_statue, nicolae_ru_the_path_less_chosen
D:7:      serial_shops, nicolae_shop_behind_doors
D:8:      minmay_cut_squares, eat_drink_and_be_merry_uskayaw, feat_on_display,
          uniq_erica, uniq_gastronok
Temple:   hc_temple_tempest_star

Table legend:
 A = Turns spent in this place as a percentage of turns spent in the entire game.
 B = Non-inter-level travel turns spent in this place as a percentage of non-inter-level travel turns spent in the entire game.
 C = Inter-level travel turns spent in this place as a percentage of turns spent in this place.
 D = Turns resting spent in this place as a percentage of non-inter-level travel turns spent in this place.
 E = Turns spent auto-exploring this place as a percentage of non-inter-level travel turns spent in this place.
 F = Non-inter-level travel turns spent in this place divided by the number of levels of this place that you've seen.
                   A       B       C       D       E      F
               +-------+-------+-------+-------+-------+----------------------
         Total | 100.0 | 100.0 |   0.5 |   4.1 |   6.2 | 394.9
       Dungeon |  99.2 |  99.3 |   0.4 |   4.1 |   5.8 | 441.1
        Temple |   0.8 |   0.7 |   7.4 |   0.0 |  56.0 |  25.0
               +-------+-------+-------+-------+-------+----------------------

Table legend:
 A = Kills in this place as a percentage of kills in entire the game.
 B = Kills by you in this place as a percentage of kills by you in the entire game.
 C = Kills by friends in this place as a percentage of kills by friends in the entire game.
 D = Other kills in this place as a percentage of other kills in the entire game.
 E = Experience gained in this place as a percentage of experience gained in the entire game.
 F = Experience gained in this place divided by the number of levels of this place that you have seen.
                   A       B       C       D       E      F
               +-------+-------+-------+-------+-------+----------------------
         Total | 100.0 | 100.0 |  -nan | 100.0 | 100.0 | 1170.3
       Dungeon | 100.0 | 100.0 |  -nan | 100.0 | 100.0 | 1316.6
               +-------+-------+-------+-------+-------+----------------------
